Map: Proxima Station LE

Players

BIGFLLA - Winner!

  • Race: Protoss Protoss
  • League: Silver
  • Spawn Location: 7:00

A.I. 1 (Medium)

  • Race: Protoss Protoss
  • Spawn Location: 1:00

VOD

Have the link to the VOD?

Description

Time

  • Played on: March 21, 2017, 1:53 a.m.
  • Length: 16:02
Show
View Real Time Build Order
Export as new Build Order

BIGFLLA Protoss - Winner!

Build Orders:  

Get SALT Encoding   

  12  0:01  Probe (Chrono Boost)  
  13  0:11  Probe (Chrono Boost)  
  14  0:18  Pylon  
  14  0:22  Probe (Chrono Boost)  
  15  0:33  Assimilator  
  15  0:41  Gateway  
  15  0:45  Probe (Chrono Boost)  
  16  0:56  Probe (Chrono Boost)  
  17  1:01  Pylon  
  17  1:03  Assimilator  
  17  1:06  Probe (Chrono Boost)  
  18  1:18  Forge  
  18  1:24  Probe (Chrono Boost)  
  19  1:30  Zealot  
  19  1:36  Probe (Chrono Boost)  
  23  1:48  Probe (Chrono Boost)  
  23  1:57  Photon Cannon  
  23  2:03  Photon Cannon  
  24  2:08  Probe (Chrono Boost)  
  24  2:18  Zealot  
  24  2:22  Probe (Chrono Boost)  
  27  2:52  Nexus  
  27  2:57  Pylon  
  27  3:03  Pylon  
  27  3:12  Probe (Chrono Boost)  
  28  3:24  Probe (Chrono Boost)  
  27  3:35  Nexus  
  27  3:52  Probe (Chrono Boost), Photon Cannon  
  29  4:03  Probe (Chrono Boost)  
  29  4:07  Probe (Chrono Boost)  
  30  4:15  Photon Cannon  
  30  4:20  Pylon  
  30  4:23  Photon Cannon  
  30  4:27  Probe x2 (Chrono Boost)  
  32  4:32  Zealot  
  34  4:49  Cybernetics Core  
  34  4:55  Probe x3 (Chrono Boost)  
  35  5:06  Probe x3 (Chrono Boost)  
  38  5:08  Photon Cannon  
  38  5:10  Protoss Ground Armor Level 1  
  38  5:15  Photon Cannon  
  38  5:16  Assimilator  
  38  5:19  Probe x3 (Chrono Boost)  
  41  5:26  Stalker  
  43  5:28  Warp Gate  
  43  5:38  Probe x2 (Chrono Boost)  
  43  5:40  Probe (Chrono Boost)  
  46  5:45  Assimilator  
  46  5:49  Probe x2 (Chrono Boost)  
  48  5:52  Probe (Chrono Boost)  
  49  6:01  Probe x2 (Chrono Boost)  
  51  6:05  Assimilator  
  51  6:08  Assimilator, Probe (Chrono Boost)  
  51  6:10  Stalker  
  54  6:13  Probe x2 (Chrono Boost)  
  56  6:20  Probe (Chrono Boost)  
  56  6:24  Probe x2 (Chrono Boost)  
  59  6:26  Photon Cannon  
  59  6:29  Photon Cannon  
  59  6:32  Pylon  
  59  6:35  Probe x2 (Chrono Boost)  
  59  6:36  Probe (Chrono Boost)  
  62  6:40  Stalker  
  62  6:46  Pylon  
  64  6:52  Stargate  
  64  6:58  Protoss Ground Weapons Level 1  
  64  7:00  Stargate  
  64  7:11  Probe x2 (Chrono Boost)  
  64  7:12  Probe (Chrono Boost)  
  67  7:26  Stalker  
  69  7:32  Probe x2 (Chrono Boost)  
  69  7:34  Mothership Core (Chrono Boost)  
  69  7:36  Void Ray  
  73  7:37  Protoss Air Weapons Level 1  
  77  7:46  Void Ray  
  81  7:56  Stalker  
  83  8:14  Void Ray  
  87  8:24  Pylon  
  87  8:26  Stalker  
  89  8:27  Pylon  
  89  8:29  Void Ray  
  89  8:30  Pylon  
  89  8:32  Pylon  
  93  8:43  Twilight Council  
  93  8:51  Void Ray  
  93  8:53  Protoss Shields Level 1  
  93  8:56  Stalker  
  99  9:11  Fleet Beacon  
  99  9:12  Void Ray  
  99  9:16  Protoss Air Armor Level 1  
  103  9:26  Stalker  
  103  9:28  Void Ray  
  103  9:54  Void Ray  
  107  10:05  Void Ray, Stalker  
  111  10:35  Stalker  
  111  10:37  Void Ray  
  117  10:42  Void Ray  
  121  10:52  Protoss Air Weapons Level 2  
  121  10:58  Protoss Shields Level 2  
  121  11:02  Graviton Catapult  
  121  11:05  Blink, Stalker  
  123  11:20  Void Ray x2  
  131  11:35  Stalker  
  133  11:42  Nexus  
  133  11:44  Assimilator  
  133  11:48  Assimilator  
  133  11:50  Pylon  
  133  11:53  Pylon  
  133  11:56  Pylon, Carrier  
  133  12:08  Stalker  
  141  12:11  Carrier  
  141  12:14  Pylon x2  
  147  12:17  Pylon  
  147  12:21  Stargate  
  147  12:30  Stargate  
  147  12:38  Stalker  
  149  12:51  Protoss Air Weapons Level 3  
  147  13:11  Carrier  
  147  13:14  Protoss Ground Armor Level 2  
  147  13:16  Carrier x2  
  165  13:36  Carrier  
  171  13:42  Nexus  
  171  13:45  Assimilator  
  171  13:49  Assimilator  
  171  13:52  Pylon  
  171  13:56  Pylon  
  171  13:58  Pylon  
  171  14:25  Carrier  
  171  14:44  Nexus  
  171  14:48  Assimilator  
  171  14:51  Assimilator  
  171  14:57  Nexus  
  171  15:00  Assimilator  
  171  15:03  Nexus  
  171  15:04  Assimilator  
  171  15:07  Assimilator  
  171  15:11  Assimilator  
  171  15:15  Nexus  
  171  15:17  Assimilator  
  171  15:21  Assimilator  
Show
View Real Time Build Order
Export as new Build Order

A.I. 1 (Medium) Protoss 

Build Orders: 1 Gate Expand 

Get SALT Encoding   

  12  0:01  Probe (Chrono Boost)  
  13  0:11  Probe (Chrono Boost)  
  14  0:19  Pylon  
  14  0:22  Probe (Chrono Boost)  
  15  0:38  Probe (Chrono Boost)  
  15  0:39  Gateway  
  16  0:48  Probe (Chrono Boost)  
  17  1:13  Nexus  
  17  1:14  Probe (Chrono Boost)  
  18  1:25  Zealot  
  18  1:31  Pylon  
  20  1:34  Assimilator  
  20  1:43  Cybernetics Core  
  21  1:47  Probe (Chrono Boost)  
  21  1:58  Probe (Chrono Boost)  
  22  2:09  Gateway, Probe (Chrono Boost)  
  23  2:17  Assimilator  
  23  2:20  Stalker  
  25  2:24  Pylon  
  25  2:26  Probe (Chrono Boost)  
  26  2:30  Warp Gate  
  26  2:38  Probe (Chrono Boost)  
  27  2:48  Zealot  
  29  2:53  Probe (Chrono Boost)  
  30  3:00  Adept  
  32  3:12  Assimilator  
  32  3:17  Adept  
  32  3:26  Probe (Chrono Boost)  
  35  3:29  Probe (Chrono Boost)  
  36  3:36  Adept  
  36  3:37  Probe (Chrono Boost)  
  40  3:41  Probe (Chrono Boost)  
  40  3:48  Probe (Chrono Boost)  
  41  3:52  Probe (Chrono Boost)  
  41  3:53  Sentry  
  44  3:56  Pylon  
  44  3:58  Probe (Chrono Boost)  
  45  4:04  Probe (Chrono Boost)  
  47  4:10  Probe (Chrono Boost)  
  47  4:11  Stalker  
  47  4:14  Probe (Chrono Boost)  
  50  4:21  Probe (Chrono Boost)  
  51  4:27  Probe (Chrono Boost)  
  51  4:29  Pylon  
  53  4:31  Probe (Chrono Boost)  
  53  4:34  Sentry  
  56  4:39  Probe (Chrono Boost)  
  56  4:47  Probe (Chrono Boost)  
  56  4:51  Pylon  
  56  4:52  Probe (Chrono Boost), Stalker  
  60  4:58  Probe (Chrono Boost)  
  61  5:03  Probe (Chrono Boost)  
  62  5:09  Adept, Probe (Chrono Boost)  
  62  5:11  Robotics Facility  
  65  5:16  Probe (Chrono Boost)  
  65  5:17  Pylon  
  65  5:21  Probe (Chrono Boost)  
  67  5:26  Probe (Chrono Boost), Stalker  
  67  5:27  Forge  
  71  5:35  Probe (Chrono Boost)  
  71  5:37  Probe (Chrono Boost)  
  71  5:39  Pylon  
  72  5:44  Adept  
  72  5:46  Probe (Chrono Boost)  
  72  5:47  Pylon  
  72  5:49  Probe (Chrono Boost)  
  76  5:54  Pylon  
  77  5:57  Probe (Chrono Boost)  
  77  5:58  Observer  
  77  6:00  Stargate  
  77  6:01  Adept  
  77  6:02  Photon Cannon  
  80  6:05  Twilight Council  
  80  6:06  Photon Cannon  
  80  6:09  Gateway  
  80  6:12  Forge  
  80  6:16  Observer  
  80  6:17  Photon Cannon  
  80  6:18  Stalker  
  82  6:22  Photon Cannon  
  83  6:50  Assimilator  
  83  8:24  Observer  
  83  9:05  Protoss Ground Weapons Level 1  
  83  9:07  Protoss Ground Armor Level 1  
  83  9:09  Warp Prism  
  83  9:13  Nexus  
  85  9:19  Templar Archives  
  85  9:25  Gateway  
  85  9:28  Robotics Facility  
  85  9:30  Dark Shrine  
  85  9:32  Stargate  
  85  9:44  Observer  
  76  9:53  Stalker  
  72  10:04  Warp Prism  
  72  10:06  Stalker  
  70  10:16  Observer  
  70  10:18  Zealot  
  62  10:25  Stalker  
  62  10:26  Probe (Chrono Boost)  
  66  10:29  Probe (Chrono Boost)  
  66  10:31  Void Ray  
  66  10:32  Robotics Bay, Probe (Chrono Boost)  
  67  10:38  Assimilator, Probe (Chrono Boost)  
  67  10:39  Zealot  
  67  10:40  Warp Prism  
  64  10:43  Warp Prism  
  64  10:44  Probe (Chrono Boost)  
  64  10:45  Robotics Bay  
  64  10:47  Stalker  
  58  10:50  Probe (Chrono Boost)  
  58  10:55  Probe (Chrono Boost)  
  58  10:56  Robotics Bay  
  56  11:01  Stalker  
  56  11:02  Probe (Chrono Boost)  
  57  11:05  Pylon  
  57  11:08  Zealot, Probe (Chrono Boost)  
  60  11:14  Probe (Chrono Boost)  
  60  11:15  Stalker  
  59  11:19  Probe (Chrono Boost)  
  59  11:20  Robotics Bay  
  59  11:22  Void Ray  
  58  11:25  Warp Prism  
  58  11:26  Probe (Chrono Boost)  
  58  11:28  Warp Prism  
  58  11:30  Stargate, Probe (Chrono Boost), Stalker  
  55  11:37  Stalker  
  55  11:38  Probe (Chrono Boost)  
  54  11:42  Probe (Chrono Boost), Fleet Beacon  
  54  11:44  Zealot  
  53  11:50  Twilight Council, Probe (Chrono Boost)  
  53  11:53  Probe (Chrono Boost)  
  49  12:01  Probe (Chrono Boost), Void Ray, Immortal  
  46  12:05  Probe (Chrono Boost)  
  46  12:07  Cybernetics Core  
  52  12:09  Immortal  
  52  12:13  Gateway  
  46  12:16  Forge  
  21  13:02  Probe (Chrono Boost)  
  17  13:13  Probe (Chrono Boost)  
  21  13:24  Probe (Chrono Boost)  
Tags
 
League
Silver
Matchup
PvP
Replay Pack
3.21
Spawn Locations
Cross Positions
Add a new tag
Caveats
  • Supply blocks, unpowered buildings, or Contaminate may cause inaccurate times.
  • Supply counts are checked every 10 seconds.